 Dungeon Crawl Stone Soup version 0.22.1-1-ga44c0e56f4 (webtiles) character file.

1228 Morbidden the Insei (level 8, -4/39 HPs)
             Began as a Vine Stalker Transmuter on Nov 6, 2018.
             Was a Priest of Okawaru.
             Slain by a worker ant (6 damage)
             ... on level 6 of the Dungeon.
             The game lasted 00:15:26 (4035 turns).

Morbidden the Insei (Vine Stalker Transmuter)       Turns: 4035, Time: 00:15:27

Health: -4/39      AC:  4    Str: 17    XL:     8   Next: 48%
Magic:  0/15       EV: 13    Int: 15    God:    Okawaru [***...]
Gold:   145        SH:  0    Dex: 15    Spells: 15/16 levels left

rFire    . . .     SeeInvis .     - Unarmed
rCold    . . .     Gourm    .   (no shield)
rNeg     . . .     Faith    +   r - +2 robe "Fabruto" {Str+4}
rPois    .         Spirit   +   (helmet restricted)
rElec    .         Reflect  .   (no cloak)
rCorr    .         Harm     .   (no gloves)
MR       +....     Rnd*Tele +   (no boots)
Stlth    ++........             p - amulet of faith
HPRegen  0.53/turn              (no ring)
MPRegen  0.14/turn              (no ring)

@: lethally poisoned (-4 -> -5)
A: antennae 1, fangs 3, regeneration 1, teleportitis 1, magic shield, antimagic
bite, no potion heal 3, rot immunity, MP-powered wands
a: Heroism, Renounce Religion


You were on level 6 of the Dungeon.
You worshipped Okawaru.
Okawaru was most pleased with you.
You were not hungry.

You visited 1 branch of the dungeon, and saw 6 of its levels.

You collected 145 gold pieces.

Inventory:

Missiles
 a - 40 arrows
Armour
 r - the +2 robe "Fabruto" (worn) {Str+4}
   (You found it on level 5 of the Dungeon)

   It affects your strength (+4).
Jewellery
 k - an uncursed ring of ice
 p - an amulet of faith (around neck)
Scrolls
 b - 3 scrolls of identify
 c - 3 scrolls of amnesia
 f - 3 scrolls of random uselessness {unknown}
 g - a scroll of blinking {unknown}
 i - 2 scrolls of teleportation {unknown}
 j - 2 scrolls of enchant weapon {unknown}
 l - a scroll of fear {unknown}
 o - 3 scrolls of remove curse {unknown}
Potions
 e - a potion of curing
 h - a potion of ambrosia {unknown}
 m - a potion of resistance {unknown}
 n - a potion of lignification {unknown}
Comestibles
 d - 5 rations


   Skills:
 + Level 1.9 Fighting
 + Level 2.6 Armour
 + Level 2.3 Dodging
 + Level 0.6 Stealth
 * Level 7.2 Unarmed Combat
 * Level 4.5 Spellcasting
 * Level 3.9 Transmutations
 + Level 1.5 Invocations


You had 15 spell levels left.
You knew the following spells:

 Your Spells              Type           Power        Failure   Level  Hunger
a - Beastly Appendage     Tmut           ###...       3%          1    None

Your spell library contained the following spells:

 Spells                   Type           Power        Failure   Level  Hunger
 Sticks to Snakes         Tmut           ###.....     5%          2    ##.....
 Corona                   Hex            #......      17%         1    None
 Spider Form              Tmut/Pois      #.........   24%         3    ###....
 Ensorcelled Hibernation  Hex/Ice        #.....       26%         2    ##.....
 Confuse                  Hex            #.......     45%         3    ###....
 Dazzling Spray           Conj/Hex       #.....       45%         3    ###....
 Tukima's Dance           Hex            #.......     45%         3    ###....
 Ice Form                 Ice/Tmut       #.......     61%         4    ####...
 Blade Hands              Tmut           ###.......   67%         5    ######.


Dungeon Overview and Level Annotations

Branches:
Dungeon (6/15)             Temple (0/1) D:5

Altars:
Ashenzari
Dithmenos
Kikubaaqudgha
Okawaru
Zin
The Shining One

Annotations:
D:2 Sigmund


Innate Abilities, Weirdness & Mutations

You have razor-sharp teeth.
Your natural rate of healing is unusually fast.
When hurt, damage is shared between your health and your magic reserves.
Your bite disrupts and absorbs the magic of your enemies.
Potions cannot restore your health.
You are immune to rotting.
You have a pair of small antennae on your head.
You are occasionally teleported next to monsters.
You expend magic power (3 MP) to strengthen your wands.


Message History

You barely miss the orc wizard.
You feel sick. The ogre misses you. The orc hits you with a hand axe.
* * * LOW HITPOINT WARNING * * *
The orc wizard mumbles some strange words.
The orc wizard blinks!
Unknown command.
An orc wizard comes into view. It is wielding a dagger.
The worker ant closely misses you. The orc wizard casts a spell at you.
The magic dart hits you!
* * * LOW HITPOINT WARNING * * *
* * * LOW HITPOINT WARNING * * *
You feel sick.
The worker ant waves its antennae.
The orc wizard gestures wildly while chanting.
The orc wizard seems to speed up.
The orc wizard shouts!
Unknown command.
The worker ant bites you.
You die...

#(..K.. ... #...... ### Z......
######≈###{ #......##
###≈≈≈≈≈≈≈≈#####
#.......########....≈≈≈≈≈≈≈≈<.#
.....................≈≈≈≈≈>o.##
.........K.K)....).......#.###
...##..##..{.......(.(..#.#
##..##.Oa@.....†.(..#.#
##.$...oo..<.........###
###...................#
###...................
.......#..o...........####
######.....$.#....>...#
##...............#
.................##
..................#


You could see a big kobold, an ogre, a worker ant, 2 orc wizards, an orc and a
kobold.

Vanquished Creatures
  Menkaure (D:4)
  An orc warrior (D:5)
  3 ogres (D:5)
  A big kobold (D:6)
  A bullfrog (D:5)
  3 scorpions
  A crimson imp (D:5)
  A bullfrog zombie (D:5)
  An orc priest (D:4)
  A bullfrog skeleton (D:5)
  A jelly (D:5)
  2 orc wizards
  Natasha (D:2)
  2 iguanas (D:4)
  2 worker ants (D:4)
  A hound zombie (D:5)
  Robin (D:3)
  3 adders
  2 worms
  2 dart slugs
  5 leopard geckos
  15 orcs
  3 bats
  7 giant cockroaches
  13 goblins
  5 hobgoblins
  2 jackals
  8 kobolds
  A quokka (D:2)
  4 frilled lizards
  A jackal skeleton (D:4)
  8 rats
103 creatures vanquished.

Notes
Turn   | Place    | Note
-------+----------+-------------------------------------------
     0 | D:1      | Morbidden the Vine Stalker Transmuter began the quest for
                  | the Orb.
     0 | D:1      | Reached XP level 1. HP: 9/9 MP: 4/4
   272 | D:1      | Reached XP level 2. HP: 14/14 MP: 6/6
   421 | D:1      | Gained mutation: You have a pair of small antennae on your
                  | head. [potion of mutation]
   421 | D:1      | Gained mutation: You are occasionally teleported next to
                  | monsters. [potion of mutation]
   421 | D:1      | Gained mutation: You expend magic power (3 MP) to
                  | strengthen your wands. [potion of mutation]
   819 | D:1      | Reached XP level 3. HP: 17/17 MP: 6/8
  1679 | D:2      | Found a glowing silver altar of Zin.
  1699 | D:2      | Found an iron altar of Okawaru.
  1706 | D:2      | Became a worshipper of Warmaster Okawaru
  1850 | D:2      | Noticed Natasha
  1869 | D:2      | Killed Natasha
  1869 | D:2      | Gained mutation: Your natural rate of healing is unusually
                  | fast. [Vine Stalker growth]
  1869 | D:2      | Reached XP level 4. HP: 11/21 MP: 6/9
  1900 | D:2      | Found a glowing golden altar of the Shining One.
  1927 | D:2      | Noticed Sigmund
  2155 | D:3      | Noticed Robin
  2203 | D:3      | Killed Robin
  2203 | D:3      | Reached skill level 1 in Armour
  2264 | D:3      | Found a faded altar of an unknown god.
  2452 | D:3      | Found a shattered altar of Ashenzari.
  2580 | D:4      | Reached XP level 5. HP: 21/25 MP: 10/10
  2590 | D:4      | Noticed Menkaure
  2604 | D:4      | Killed Menkaure
  2604 | D:4      | Reached * piety under Okawaru
  2604 | D:4      | Reached skill level 1 in Fighting
  2604 | D:4      | Reached skill level 4 in Unarmed Combat
  2604 | D:4      | Reached skill level 1 in Invocations
  2604 | D:4      | Reached XP level 6. HP: 26/30 MP: 9/12
  2626 | D:4      | Found a shadowy altar of Dithmenos.
  2739 | D:4      | Reached skill level 5 in Unarmed Combat
  3004 | D:4      | Reached XP level 7. HP: 24/33 MP: 10/13
  3136 | D:5      | Entered Level 5 of the Dungeon
  3149 | D:5      | Reached ** piety under Okawaru
  3208 | D:5      | Found an ancient bone altar of Kikubaaqudgha.
  3319 | D:5      | Found a staircase to the Ecumenical Temple.
  3365 | D:5      | Got a ripped robe
  3384 | D:5      | Reached skill level 6 in Unarmed Combat
  3391 | D:5      | Identified the +2 robe "Fabruto" {Str+4} (You found it on
                  | level 5 of the Dungeon)
  3783 | D:5      | Reached *** piety under Okawaru
  3783 | D:5      | Gained mutation: You have razor-sharp teeth. [Vine Stalker
                  | growth]
  3783 | D:5      | Reached XP level 8. HP: 38/38 MP: 15/15
  3953 | D:5      | Reached skill level 7 in Unarmed Combat
  4033 | D:6      | HP: 1/39 [orc wizard/magic dart (1)]
  4035 | D:6      | Slain by a worker ant

Skill      XL: |  1  2  3  4  5  6  7  8 |
---------------+-------------------------+-----
Spellcasting   | 3 4 |  4.5
Armour         | 1 2 |  2.6
Fighting       | 1 |  1.9
Unarmed Combat | 4 5 6 7 |  7.2
Invocations    | 1 |  1.5
Transmutations | 3 |  3.9
Dodging        | 2 |  2.3
Stealth        | |  0.6

Action                   |  1- 3 |  4- 6 |  7- 9 || total
-------------------------+-------+-------+-------++-------
Melee: Unarmed           |   119 |   154 |   164 ||   437
       Bite              |    22 |    54 |    54 ||   130
       Kick              |     7 |       |     3 ||    10
       Headbutt          |     1 |       |       ||     1
       Punch             |     2 |       |     5 ||     7
 Cast: Beastly Appendage |    11 |       |     2 ||    13
Invok: Heroism           |       |     1 |     5 ||     6
  Use: Potion            |     2 |     2 |       ||     4
       Scroll            |       |       |     2 ||     2
 Stab: Sleeping          |     1 |       |       ||     1
  Eat: Chunk             |     3 |     4 |     1 ||     8
       Ration            |       |       |     1 ||     1
Armor: Robe              |     8 |       |    21 ||    29
       Chain mail        |    33 |    78 |    31 ||   142
Dodge: Dodged            |    48 |    64 |   127 ||   239
